 Dungeon Crawl Stone Soup version 0.29.1-15-g9cfb28693d (webtiles) character file.

Game seed: 8835084899877151087

106 Heoruswealwe the Conjurer (level 4, -3/24 HPs)
             Began as a Deep Elf Conjurer on Mar 13, 2023.
             Engulfed by a cloud of flame (12 damage)
             ... on level 3 of the Dungeon.
             The game lasted 00:21:57 (1682 turns).

Heoruswealwe the Conjurer (Deep Elf Conjurer)       Turns: 1682, Time: 00:21:57

Health: -3/24      AC:  4    Str:  4    XL:     4   Next: 55%
Magic:  13/13      EV: 12    Int: 25    God:
Gold:   105        SH:  0    Dex: 13    Spells: 10/13 levels left

rFire   . . .      SeeInvis .   o - +2 whip (venom)
rCold   . . .      Faith    .   (no shield)
rNeg    . . .      Spirit   .   a - +0 robe
rPois   .          Reflect  .   h - +0 helmet
rElec   .          Harm     .   (no cloak)
rCorr   .          Rampage  .   n - +0 pair of gloves
Will    .....                   (no boots)
Stlth   ++........              (no amulet)
HPRegen 0.08/turn               q - +4 ring of slaying
MPRegen 0.13/turn               (no ring)

@: no status effects
A: no striking features
a: no special abilities


You were on level 3 of the Dungeon.
You visited 1 branch of the dungeon, and saw 3 of its levels.

You collected 105 gold pieces.

Inventory:

Hand Weapons
 o - a +2 whip of venom (weapon)
Armour
 a - a +0 robe (worn)
 h - a +0 helmet (worn)
 n - a +0 pair of gloves (worn)
Jewellery
 q - a +4 ring of slaying (left hand)
Wands
 p - a wand of paralysis (15)
Scrolls
 c - a scroll of brand weapon {unknown}
 d - a scroll of amnesia {unknown}
 e - 2 scrolls of immolation {unknown}
 j - 2 scrolls of identify {unknown}
 k - a scroll of summoning {unknown}
 l - a scroll of silence {unknown}
 s - a scroll of butterflies {unknown}
Potions
 b - a potion of magic
 f - 2 potions of haste {unknown}
 g - 3 potions of curing {unknown}
 i - a potion of invisibility {unknown}
 m - 2 potions of berserk rage {unknown}
 r - a potion of cancellation {unknown}


   Skills:
 - Level 2.4 Dodging
 - Level 2.4 Stealth
 + Level 5.1 Spellcasting
 + Level 5.6 Conjurations


You had 10 spell levels left.
You knew the following spells:

 Your Spells              Type           Power      Damage    Failure   Level
a - Magic Dart            Conj           100%       1d8       1%          1
b - Searing Ray           Conj           68%        2d6       1%          2

Your spell library contained the following spells:

 Spells                   Type           Power      Damage    Failure   Level
 Dazzling Flash           Conj/Hex       40%        N/A       8%          3
 Call Canine Familiar     Summ           6%         N/A       24%         3
 Portal Projectile        Hex/Tloc       12%        N/A       24%         3
 Fulminant Prism          Conj/Hex       10%        3d9       26%         4
 Iskenderun's Mystic Bla  Conj/Tloc      20%        2d6       26%         4
 Leda's Liquefaction      Hex/Erth       3%         N/A       63%         4


Dungeon Overview and Level Annotations

Branches:
Dungeon (3/15)

Altars:
Vehumet


Message History

You feel sick. The adder barely misses you.
The magic dart hits the adder but does no damage.
The adder is severely wounded.
You feel sick. The adder closely misses you.
The magic dart hits the adder.
You kill the adder!
You feel sick.
Your Spellcasting skill increases to level 5!
You feel sick.
You are no longer poisoned.
You see here an adder corpse.
A kobold comes into view. It is wielding a +0 dagger.
The kobold shouts!
The magic dart hits the kobold!
You kill the kobold!
Things that are here:
a +0 dagger; 2 stones; a kobold corpse
Things that are here:
a +0 dagger; 2 stones; a kobold corpse You open the door.
Found 12 gold pieces.
Found an escape hatch in the floor.
There is an open door here.
An adder comes into view.
The magic dart hits the adder.
The adder is moderately wounded.
The adder hisses angrily.
The magic dart hits the adder.
The adder is severely wounded.
The magic dart hits the adder.
You kill the adder!
You now have 105 gold pieces (gained 12).
Found a radiant altar of Vehumet.
Really walk into a travel-excluded area?
You are engulfed in blazing flames.
Ouch! That really hurt!
Found 10 gold pieces.
You are engulfed in blazing flames.
Ouch! That really hurt!
You die...

.... ##.#.#
#....# ###....#
$......#
#....#### .#
#....§°.##.###.
#...°.°..#....
#...@○......##.
###.○○○........
#..○.........
#####.....#.
########.....#
#...^........#
#.......#.####
#...........#
###
#...........#
.#


There were no monsters in sight!

Vanquished Creatures
  An iguana (D:3)
  A gnoll (D:1)
  3 adders
  3 ball pythons (D:2)
  8 bats
  2 endoplasms
  2 giant cockroaches
  4 hobgoblins
  A quokka (D:1)
  3 frilled lizards (D:1)
  6 goblins
  6 kobolds
  6 rats
46 creatures vanquished.

Vanquished Creatures (others)
  20 plants (D:1)
20 creatures vanquished.

Grand Total: 66 creatures vanquished

Notes
Turn   | Place    | Note
-------+----------+-------------------------------------------
     0 | D:1      | Heoruswealwe the Deep Elf Conjurer began the quest for the
                  | Orb.
     0 | D:1      | Reached XP level 1. HP: 10/10 MP: 6/6
    95 | D:1      | Reached XP level 2. HP: 7/15 MP: 0/8
   119 | D:1      | Learned a level 2 spell: Searing Ray
   356 | D:1      | Reached XP level 3. HP: 19/19 MP: 1/10
   379 | D:1      | Reached skill level 5 in Conjurations
  1427 | D:3      | Reached XP level 4. HP: 10/24 MP: 3/12
  1522 | D:3      | Reached skill level 5 in Spellcasting
  1673 | D:3      | Found a radiant altar of Vehumet.
  1682 | D:3      | Engulfed by a cloud of flame

Illustrated notes

Levels and vault maps discovered:
D:1:      kennysheep_arrival_forest, layout_rooms, nicolae_grassy_gnolls
D:2:      layout_basic
D:3:      layout_basic, fiery_altar_vehumet, ebering_ecumenical_altar_webs,
          uniq_grinder, uniq_natasha, uniq_crazy_yiuf_cottage

Skill      XL: |  1  2  3  4 |
---------------+-------------+-----
Spellcasting   | 4 5 |  5.1
Conjurations   | 5 |  5.6
Dodging        | |  2.4
Stealth        | |  2.4

Action                   |  1- 3 |  4- 6 || total
-------------------------+-------+-------++-------
Melee: Short sword       |    65 |       ||    65
       Punch             |     2 |       ||     2
 Cast: Magic Dart        |    73 |    11 ||    84
       Searing Ray       |     2 |       ||     2
Armor: Robe              |     4 |     1 ||     5
Dodge: Dodged            |     8 |     2 ||    10
